 Dungeon Crawl Stone Soup version 0.30-a0-772-g5528072125 (webtiles) character file.

Game seed: 11973348322894103737

158 avis the Shooter (level 4, -2/36 HPs)
             Began as a Demigod Hunter on Feb 12, 2023.
             Slain by a killer bee (5 damage)
             ... on level 4 of the Dungeon.
             The game lasted 00:16:08 (3073 turns).

avis the Shooter (Demigod Hunter)                   Turns: 3073, Time: 00:16:08

Health: -2/36      AC:  5    Str: 18    XL:     4   Next: 94%
Magic:  6/6        EV: 12    Int: 11    God:
Gold:   79         SH:  5    Dex: 21    Spells: 3/3 levels left

rFire   . . .      SeeInvis +    a - +0 sling (freeze)
rCold   . . .      Faith    .    (no shield)
rNeg    . . .      Spirit   .    c - +0 leather armour
rPois   .          Reflect  +    f - +0 helmet
rElec   .          Harm     .    (no cloak)
rCorr   .          Rampage  .    (no gloves)
Will    .....                    q - +0 pair of boots
Stlth   ++                       m - amulet of reflection
HPRegen 0.26/turn                s - ring of see invisible
MPRegen 0.10/turn                v - +6 ring of strength

@: no status effects
A: high MP 1, forlorn, divine attributes
a: no special abilities


You were on level 4 of the Dungeon.
You visited 1 branch of the dungeon, and saw 4 of its levels.

You collected 182 gold pieces.
You spent 103 gold pieces at shops.

Inventory:

Hand Weapons
 a - a +0 sling of freezing (weapon)
 b - a +0 short sword
 w - a +0 shortbow
Missiles
 k - 4 datura-tipped darts
Armour
 c - a +0 leather armour (worn)
 f - a +0 helmet (worn)
 q - a +0 pair of boots (worn)
 z - a +0 buckler
Jewellery
 l - a ring of fire
 m - an amulet of reflection (around neck)
 s - a ring of see invisible (left hand)
 v - a +6 ring of strength (right hand)
 y - an amulet of reflection
Scrolls
 g - 2 scrolls of immolation
 h - a scroll of poison {unknown}
 n - 2 scrolls of enchant armour {unknown}
 o - 3 scrolls of identify {unknown}
 p - a scroll of silence {unknown}
 t - a scroll of teleportation {unknown}
 A - a scroll of amnesia {unknown}
Potions
 d - 2 potions of curing {unknown}
 e - a potion of resistance {unknown}
 i - a potion of haste {unknown}
 j - a potion of heal wounds {unknown}
 r - a potion of lignification {unknown}
 u - a potion of berserk rage {unknown}
 x - 2 potions of ambrosia {unknown}


   Skills:
 - Level 2.0 Fighting
 * Level 5.5 Ranged Weapons
 - Level 2.0 Dodging
 - Level 2.0 Stealth


You had 3 spell levels left.
You didn't know any spells.
Your spell library contained the following spells:

 Spells                   Type           Power      Damage    Failure   Level
 Ensorcelled Hibernation  Hex/Ice        0%         N/A       54%         2
 Lesser Beckoning         Tloc           0%         N/A       54%         2
 Passwall                 Tmut/Erth      0%         N/A       54%         2
 Gell's Gravitas          Tloc           0%         N/A       77%         3
 Swiftness                Air            0%         N/A       77%         3
 Teleport Other           Tloc           0%         N/A       77%         3


Dungeon Overview and Level Annotations

Branches:
Dungeon (4/15)
 Temple: D:4-7

Shops:
D:2 [(((=

Annotations:
D:3 1 runed translucent door, tarna41's ghost, amateur TrBe


Innate Abilities, Weirdness & Mutations

You have an increased reservoir of magic. (+10% MP)
You shall have no god before yourself.
Your divine heritage dramatically boosts your attributes as you level up.


Message History

You block the killer bee's attack. The killer bee barely misses you.
The killer bee stings you.
Fire: a) +0 sling (freeze)
Press: ? - help, Q - select action, (/) - cycle Shift-Dir - straight line, f/p - killer bee
Aim: a killer bee (heavily wounded, 36% to hit)
You shoot a sling bullet.
The sling bullet closely misses the killer bee.
You feel sick. The killer bee misses you. The killer bee closely misses you.
The killer bee stings you.
The killer bee stings you but does no damage.
Fire: a) +0 sling (freeze)
Press: ? - help, Q - select action, (/) - cycle Shift-Dir - straight line, f/p - killer bee
Aim: a killer bee (heavily wounded, 36% to hit)
You shoot a sling bullet. The sling bullet hits the killer bee.
The sling bullet freezes the killer bee.
The killer bee is almost dead.
You feel sick. The killer bee stings you. You block the killer bee's attack.
The killer bee stings you.
The killer bee stings you but does no damage.
Fire: a) +0 sling (freeze)
Press: ? - help, Q - select action, (/) - cycle Shift-Dir - straight line, f/p - killer bee
Aim: a killer bee (almost dead, 36% to hit)
You shoot a sling bullet. The sling bullet misses the killer bee.
You feel sick. The killer bee closely misses you. x2
The killer bee barely misses you. The killer bee closely misses you.
The killer bee misses you. You block the killer bee's attack.
Fire: a) +0 sling (freeze)
Press: ? - help, Q - select action, (/) - cycle Shift-Dir - straight line, f/p - killer bee
Aim: a killer bee (almost dead, 36% to hit)
You shoot a sling bullet.
The sling bullet closely misses the killer bee.
You feel sick.
You are no longer poisoned.
The killer bee stings you but does no damage.
The killer bee stings you.
* * * LOW HITPOINT WARNING * * *
The killer bee stings you.
* * * LOW HITPOINT WARNING * * *
The killer bee stings you.
You die...

##.## ##<..###. .#
.........# .
##.....#.. . #######
###. ##..###
#.....## ##..yy.>#
#...@...# #.......#
#.......#
###.......#####..
####................
...................#
...
.........)......#.#
....
#............##..#
....#.#..........#.#
.#


You could see 2 killer bees.

Vanquished Creatures
  A killer bee (D:4)
  A jelly (D:4)
  2 adders (D:2)
  2 worms
  2 orcs
  7 ball pythons (D:1)
  5 bats
  5 endoplasms
  6 goblins
  4 hobgoblins
  3 jackals (D:1)
  8 kobolds
  3 quokkas
  A frilled lizard (D:3)
  6 rats
56 creatures vanquished.

Notes
Turn   | Place    | Note
-------+----------+-------------------------------------------
     0 | D:1      | avis the Demigod Hunter began the quest for the Orb.
     0 | D:1      | Reached XP level 1. HP: 17/17 MP: 3/3
    83 | D:1      | Reached skill level 1 in Stealth
   422 | D:1      | Reached XP level 2. HP: 24/24 MP: 4/4
   648 | D:1      | Reached skill level 4 in Ranged Weapons
  1050 | D:2      | Found Noegrirr's Weapon Shoppe.
  1057 | D:2      | Reached XP level 3. HP: 29/29 MP: 5/5
  1087 | D:2      | Found Fixo's Armour Shoppe.
  1088 | D:2      | Found Fuwad's Weapon Shoppe.
  1345 | D:2      | Found Jiwk's Antique Weapon Shoppe.
  1514 | D:2      | Found Reeriof's Jewellery Boutique.
  2010 | D:2      | Bought a runed sling for 103 gold pieces
  2149 | D:3      | Found a runed translucent door.
  2152 | D:3      | Noticed tarna41's ghost (amateur TrBe)
  2845 | D:4      | Reached XP level 4. HP: 36/36 MP: 6/6
  3047 | D:4      | Reached skill level 5 in Ranged Weapons
  3073 | D:4      | Slain by a killer bee

Illustrated notes

Levels and vault maps discovered:
D:1:      dpeg_arrival_windows_large_door, layout_loops_corners,
          shapermc_ecumenical_altar_mp_urbaneastern
D:2:      layout_basic, serial_shops, nicolae_shop_bloodbath_and_beyond, shop,
          nicolae_shop_stone, shop, shop, st_stairs_5, minivault_27,
          guppyfry_early_lair_pool
D:3:      layout_loops_corners, nicolae_ru_the_path_less_chosen,
          mainiacjoe_overflow_small_starburst, mainiacjoe_overflow_24_doors,
          ebering_ghost_inner_flame, grunt_ministairs_9
D:4:      layout_layer_cave, kennysheep_mini_moat, nemelex_spade_bored_becter,
          gammafunk_temple_overflow_claw, hangedman_abyss_or_decor_stagger,
          minmay_misc_feat_secret_circle, minmay_manual_mess,
          uniq_blork_the_orc, uniq_pargi

Skill      XL: |  1  2  3  4 |
---------------+-------------+-----
Stealth        | 1 2 |  2.0
Fighting       | 2 |  2.0
Dodging        | 2 |  2.0
Ranged Weapons | 4 5 |  5.5

Action                     |  1- 3 |  4- 6 || total
---------------------------+-------+-------++-------
   Fire: Shortbow          |   102 |       ||   102
         Sling             |    12 |    18 ||    30
 Armour: Leather armour    |    11 |     9 ||    20
  Dodge: Dodged            |    21 |    12 ||    33
  Block: Other             |     6 |     5 ||    11

Table legend: (Time is in decaauts)
 A = Elapsed time spent in this place.
 B = Non-inter-level travel time spent in this place.
 C = Inter-level travel time spent in this place.
 D = Time resting spent in this place.
 E = Time spent auto-exploring this place.
 F = Levels seen in this place.
 G = Mean time per level.
                   A        B        C        D        E       F      G
               +--------+--------+--------+--------+--------+-----+--------+
         Total |   3117 |   2690 |    427 |     23 |   1953 |   4 |  779.2 |
       Dungeon |   3117 |   2690 |    427 |     23 |   1953 |   4 |  779.2 |
               +--------+--------+--------+--------+--------+-----+--------+

Top non-repeatable levels by time:
     D:3: 1116 daAuts
     D:1: 1027 daAuts
     D:2: 831 daAuts
     D:4: 142 daAuts
